Description

This kind of cheese can be really challenging to hold but there is some ways to know about it :

  • You need to scout it really fast (that the reason why protoss scout early)
  • This ZvP cheese is really engaging for the zerg
  • This cheese can't be handle with a fast expand. You have to chronoboost units
  • Add one shield battery
  • Zealots are probably the most important : Better dps and cheaper than adept
  • Stalkers are important to because of the range

VOD

https://youtu.be/752BJbRUeAM

Replay - BAAZOOOMINEE v IIIIIIIIIIII - Jagannatha LE

Build Order

Get SALT Encoding   

  12  0:00  Probe  
  13  0:12  Probe  
  14  0:20  Pylon  
  14  0:25  Probe (Chrono Boost)  
  15  0:38  Probe (Chrono Boost)  
  15  0:42  Gateway  
  16  0:46  Probe  
  16  0:48  Assimilator  
  17  0:58  Probe  
  17  1:08  Forge  
  17  1:11  Probe (Chrono Boost)  
  18  1:22  Probe x2 (Chrono Boost)  
  22  1:36  Cybernetics Core  
  23  1:43  Photon Cannon  
  23  1:45  Zealot  
  22  1:50  Probe  
  23  2:01  Assimilator  
  23  2:06  Pylon  
  23  2:14  Warp Gate  
  23  2:24  Stalker  
  25  2:32  Robotics Facility  
  26  2:46  Pylon  
  27  3:11  Gateway x2  
  28  3:15  Sentry  
  29  3:20  Immortal (Chrono Boost)  
  33  3:39  Pylon  
  33  3:50  Gateway  
  33  3:55  Warp Prism (Chrono Boost)  
  35  4:08  Sentry x2  
  39  4:15  Stalker  
  41  4:35  Stalker x2  
  45  4:42  Pylon  
  45  4:55  Stalker  
  47  5:02  Zealot x3  
  53  5:21  Zealot  
Spawning Tool Build Advisor. Get it on Overwolf

Go to:

Details

  • Created by: zuka      
  • Published on: Dec 07, 2020
  • Modified on: Dec 07, 2020
  • Patch: 4.11.0
  • Difficulty: Easy
Show
View Real Time Build Order
Export as new Build Order

Comments (0)

There are no comments. Be the first!

Create an account to comment!